 Dungeon Crawl Stone Soup version 0.29-a0-824-gd827844252 (webtiles) character file.

Game seed: 1471663236887399491

2271 Monkooky the Ruffian (level 9, 0/59 (65) HPs)
             Began as a Demonspawn Gladiator on July 9, 2022.
             Slain by a wight
             ... wielding a +0 dagger
              (6 damage)
             ... in the Ecumenical Temple on July 10, 2022.
             The game lasted 00:14:29 (6475 turns).

Monkooky the Ruffian (Demonspawn Gladiator)         Turns: 6475, Time: 00:14:30

HP:   0/59 (65)     AC:  9    Str: 18    XL:     9   Next: 16%
MP:   9/9           EV: 11    Int: 15    God:
Gold: 341           SH:  0    Dex: 16    Spells: 8/8 levels left

rFire   . . .      SeeInvis .     - Unarmed
rCold   . . .      Faith    +   (no shield)
rNeg    . . .      Spirit   .   j - +0 ring mail
rPois   .          Reflect  .   c - +0 helmet
rElec   .          Harm     .   t - +0 cloak
rCorr   .          Rampage  .   (no gloves)
Will    .....                   (no boots)
Stlth   +.........              q - amulet of faith
HPRegen 0.19/turn               g - +6 ring of intelligence
MPRegen 0.11/turn               (no ring)

@: drained
A: claws 2, ignite blood 1, sharp scales 2
a: no special abilities


You were in the Ecumenical Temple.
You visited 2 branches of the dungeon, and saw 7 of its levels.
You also visited: Sewer.

You collected 341 gold pieces.

Inventory:

Hand Weapons
 a - a +0 long sword
Missiles
 d - 4 throwing nets
 e - a javelin
 B - 16 poisoned darts (quivered)
 C - a curare-tipped dart
Armour
 b - a +0 leather armour
 c - a +0 helmet (worn)
 j - a +0 ring mail (worn)
 s - a +0 plate armour
 t - a +0 cloak (worn)
Jewellery
 g - a +6 ring of intelligence (left claw)
 q - an amulet of faith (around neck)
Wands
 D - a wand of flame (30)
Scrolls
 f - 3 scrolls of teleportation
 i - 2 scrolls of enchant weapon {unknown}
 n - 2 scrolls of identify
 v - 2 scrolls of vulnerability
 x - a scroll of amnesia
 y - 2 scrolls of fear {unknown}
 A - a scroll of brand weapon
 E - a scroll of poison
Potions
 h - a potion of magic {unknown}
 k - a potion of curing
 l - 2 potions of mutation {unknown}
 m - 2 potions of invisibility
 o - a potion of attraction {unknown}
 p - 2 potions of berserk rage {unknown}
 r - a potion of lignification {unknown}
 w - a potion of degeneration {unknown}
 z - 2 potions of heal wounds {unknown}
 F - 2 potions of might
 G - 2 potions of cancellation {unknown}


   Skills:
 - Level 4.0 Fighting
 - Level 3.9 Long Blades
 - Level 6.0 Throwing
 - Level 3.0 Armour
 - Level 2.6 Dodging
 - Level 7.2 Unarmed Combat
 + Level 2.7 Evocations


You had 8 spell levels left.
You didn't know any spells.
Your spell library contained the following spells:

 Spells                   Type           Power      Damage    Failure   Level
 Portal Projectile        Hex/Tloc       0%         N/A       80%         3
 Tukima's Dance           Hex            0%         N/A       80%         3
 Blade Hands              Tmut           0%         N/A       100%        5


Dungeon Overview and Level Annotations

Branches:
Dungeon (6/15)             Temple (1/1) D:6           Sewer (visited)

Altars:
Ashenzari
Cheibriados
Fedhas
Gozag
Hepliaklqana
Makhleb
Nemelex Xobeh
Okawaru
Qazlal
Ru
Sif Muna
Trog
Vehumet
Wu Jian
Xom
Yredelemnul

Annotations:
D:6 Maggie


Innate Abilities, Weirdness & Mutations

You have very sharp fingernails.
Your demonic aura sometimes causes spilled blood to erupt in flames.
You are mostly covered in razor-sharp scales. (AC +2, Slay +2)


Message History

The wight hits you with a +3 mace of freezing!
The wight freezes you. The wight barely misses you.
The wight hits you with a +2 long sword!
There is a staircase to the Ecumenical Temple, spattered with blood here.
The wight hits you with a +3 mace of freezing.
The wight freezes you. The wight hits you but does no damage.
The wight hits you with a +0 dagger.
You climb downwards.
Welcome back to the Ecumenical Temple!
There is a staircase back to the Dungeon, spattered with blood here.
The wight attacks as you move away! The wight barely misses you.
The wight attacks as you move away! The wight hits you but does no damage.
The wight attacks as you move away!
The wight hits you with a +3 mace of freezing.
The wight freezes you.
Things that are here:
a +0 robe; a +0 falchion The wight hits you with a +0 dagger.
* * * LOW HITPOINT WARNING * * *
The wight attacks as you move away! The wight barely misses you.
The wight attacks as you move away! The wight hits you but does no damage.
The wight attacks as you move away! The wight barely misses you.
There is a transporter here.
You enter the transporter and appear at another place.
The wight misses you. The wight hits you but does no damage.
Unknown command.
You scratch the wight but do no damage.
The wight hits you with a +3 mace of freezing!
* * * LOW HITPOINT WARNING * * *
You feel drained.
* * * LOW HITPOINT WARNING * * *
The wight freezes you.
* * * LOW HITPOINT WARNING * * *
The wight closely misses you.
You feel better.
The wight hits you with a +3 mace of freezing!
* * * LOW HITPOINT WARNING * * *
The wight freezes you.
* * * LOW HITPOINT WARNING * * *
The wight hits you with a +0 dagger.
You die...

##### ###...###
##_#.<.#_##
##..#..[#..##
###...#...#...###
##_....#...#...._##
#....._#...#_.....#
#......#...#......#
#.._.z@#z..#.._...#
#....z○#©.©#©.....#
#......#8.8#....._#
#.....©#©.©#©.....#
#......#...#......#
#.._...#...#......#
#......#...#......#
##_..._#...#_..._##
###...#...#...###


You could see 3 wights.

Vanquished Creatures
  Sigmund (D:2)
  Eustachio (D:4)
  Menkaure (D:4)
  Edmund (D:5)
  A water moccasin (D:5)
  3 ogres
  3 phantoms
  A kobold brigand (D:4)
  A bullfrog (Temple)
  A necrophage (D:5)
  3 scorpions (D:5)
  A wight (Temple)
  2 howler monkeys
  A hound (D:4)
  3 jellies
  Natasha (thrice) (D:4)
  7 iguanas
  A hell rat (Sewer)
  A gnoll (D:4)
  10 adders
  6 river rats
  A worm (D:4)
  3 orcs
  4 bats
  8 endoplasms
  A giant cockroach (D:2)
  10 goblins
  11 hobgoblins
  2 jackals (D:4)
  3 quokkas
  3 ball pythons
  6 frilled lizards
  7 kobolds
  17 rats
128 creatures vanquished.

Notes
Turn   | Place    | Note
-------+----------+-------------------------------------------
     0 | D:1      | Monkooky the Demonspawn Gladiator began the quest for the
                  | Orb.
     0 | D:1      | Reached XP level 1. HP: 16/16 MP: 1/1
   232 | D:1      | Gained mutation: Your demonic aura sometimes causes spilled
                  | blood to erupt in flames. [demonic ancestry]
   232 | D:1      | Reached XP level 2. HP: 22/22 MP: 2/2
  1267 | D:2      | Gained mutation: You have sharp fingernails. [demonic
                  | ancestry]
  1267 | D:2      | Reached XP level 3. HP: 17/27 MP: 3/3
  1439 | D:2      | You fall into a shaft and drop 1 floor!
  1442 | D:3      | Found a broken altar of Ashenzari.
  1580 | D:2      | Noticed Sigmund
  1585 | D:2      | Killed Sigmund
  1586 | D:2      | Reached skill level 3 in Unarmed Combat
  1586 | D:2      | Gained mutation: You are partially covered in razor-sharp
                  | scales. (AC +1, Slay +1) [demonic ancestry]
  1586 | D:2      | Reached XP level 4. HP: 33/33 MP: 4/4
  1586 | D:2      | Reached XP level 5. HP: 38/38 MP: 5/5
  1660 | D:2      | Reached skill level 4 in Unarmed Combat
  2632 | D:4      | Reached XP level 6. HP: 16/44 MP: 6/6
  2866 | D:4      | Noticed Natasha
  2873 | D:4      | Killed Natasha
  2883 | D:4      | Noticed Menkaure
  2893 | D:4      | Killed Menkaure
  2894 | D:4      | Reached skill level 5 in Unarmed Combat
  3086 | D:4      | Found a glowing drain.
  3091 | Sewer    | Entered a sewer
  3349 | Sewer    | Reached skill level 6 in Unarmed Combat
  3349 | Sewer    | Gained mutation: You are mostly covered in razor-sharp
                  | scales. (AC +2, Slay +2) [demonic ancestry]
  3349 | Sewer    | Reached XP level 7. HP: 40/50 MP: 7/7
  3590 | D:4      | Noticed Natasha
  3597 | D:4      | Killed Natasha
  4142 | D:4      | Noticed Eustachio
  4154 | D:4      | Killed Eustachio
  4155 | D:4      | Reached skill level 7 in Unarmed Combat
  4280 | D:4      | Noticed Natasha
  4319 | D:4      | Killed Natasha
  4857 | D:5      | Entered Level 5 of the Dungeon
  4871 | D:5      | Gained mutation: You have very sharp fingernails. [demonic
                  | ancestry]
  4871 | D:5      | Reached XP level 8. HP: 56/56 MP: 8/8
  5021 | D:5      | Noticed Edmund
  5031 | D:5      | Reached skill level 5 in Throwing
  5141 | D:5      | Reached skill level 1 in Armour
  5148 | D:5      | Killed Edmund
  5530 | D:5      | Reached XP level 9. HP: 59/65 MP: 9/9
  5956 | D:6      | Reached skill level 1 in Evocations
  6105 | D:6      | Noticed Maggie
  6130 | D:6      | Found a staircase to the Ecumenical Temple.
  6139 | Temple   | Entered the Ecumenical Temple
  6139 | Temple   | Found a transporter.
  6139 | Temple   | Found a transporter.
  6148 | Temple   | Found a transporter.
  6148 | Temple   | Found a transporter.
  6475 | Temple   | Slain by a wight

Illustrated notes

Levels and vault maps discovered:
D:1:      erik_arrival_blinker_ship, layout_basic
D:2:      layout_rooms, uniq_sigmund
D:3:      layout_basic, cheibrodos_ashenzari_chains,
          lemuel_coloured_pillars_altar, minivault_23
D:4:      layout_basic, lightli_sewer_entry_pipes, uniq_eustachio, uniq_natasha,
          uniq_menkaure
D:5:      layout_cave_pools, skrybe_limestone_x, uniq_edmund
D:6:      layout_gridville, minmay_temple_entry_tees, uniq_maggie
Temple:   hellmonk_temple_divided_pantheon

Skill      XL: |  1  2  3  4  5  6  7  8  9 |
---------------+----------------------------+-----
Long Blades    | 3 |  3.9
Unarmed Combat | 3 4 6 7 |  7.2
Throwing       | 3 6 |  6.0
Armour         | 2 3 |  3.0
Fighting       | 3 4 |  4.0
Evocations     | 2 |  2.7
Dodging        | |  2.6

Action                   |  1- 3 |  4- 6 |  7- 9 || total
-------------------------+-------+-------+-------++-------
Melee: Long sword        |    91 |    71 |       ||   162
       Punch             |       |     6 |     7 ||    13
       Unarmed           |       |    65 |   185 ||   250
Throw: Throwing net      |     1 |       |       ||     1
       Dart              |       |       |    27 ||    27
Evoke: Wand              |       |       |     6 ||     6
  Use: Potion            |       |     1 |     3 ||     4
       Scroll            |       |       |     6 ||     6
 Stab: Held in net/web   |     2 |       |       ||     2
Armor: Ring mail         |    36 |    50 |    65 ||   151
       Leather armour    |     3 |       |       ||     3
       Plate armour      |       |     2 |       ||     2
       Skin              |       |     1 |       ||     1
Dodge: Dodged            |    70 |    65 |   126 ||   261

Table legend: (Time is in decaauts)
 A = Elapsed time spent in this place.
 B = Non-inter-level travel time spent in this place.
 C = Inter-level travel time spent in this place.
 D = Time resting spent in this place.
 E = Time spent auto-exploring this place.
 F = Levels seen in this place.
 G = Mean time per level.
                   A        B        C        D        E       F      G
               +--------+--------+--------+--------+--------+-----+--------+
         Total |   6535 |   6452 |     83 |   1025 |   4133 |   8 |  816.9 |
       Dungeon |   5835 |   5752 |     83 |    563 |   4045 |   6 |  972.5 |
        Temple |    332 |    332 |      0 |    258 |      0 |   1 |  332.0 |
         Sewer |    366 |    366 |      0 |    204 |     87 |   1 |  366.0 |
               +--------+--------+--------+--------+--------+-----+--------+

Top non-repeatable levels by time:
     D:4: 1946 daAuts
     D:1: 1145 daAuts
     D:3: 962 daAuts
     D:5: 821 daAuts
     D:2: 770 daAuts
   Sewer: 366 daAuts
  Temple: 332 daAuts
     D:6: 189 daAuts
